 Dungeon Sprint DCSS version 0.23.2-1-ga50397a (webtiles) character file.

Game seed: 14643435956753096526

36 doot the Thaumaturge (level 3, 0/19 HPs)
             Began as a Deep Elf Wizard on May 5, 2019.
             Succumbed to Crazy Yiuf's poison
             ... in the Dungeon (Sprint III: "The Ten Rune Challenge").
             The game lasted 00:01:00 (263 turns).

doot the Thaumaturge (Deep Elf Wizard)               Turns: 263, Time: 00:01:01

Health: 0/19       AC:  2    Str:  4    XL:     3   Next: 19%
Magic:  6/14       EV: 13    Int: 23    God:
Gold:   0          SH:  0    Dex: 13    Spells: 5/18 levels left

rFire    . . .     SeeInvis .   (no weapon)
rCold    . . .     Gourm    .   (no shield)
rNeg     . . .     Faith    .   a - +0 robe
rPois    .         Spirit   .   b - +0 hat
rElec    .         Reflect  .   (no cloak)
rCorr    .         Harm     .   (no gloves)
MR       .....     NoTele   +   (no boots)
Stlth    +++.......             (no amulet)
HPRegen  0.06/turn              (no ring)
MPRegen  0.14/turn              (no ring)

@: lethally poisoned (0 -> -15)
A: no striking features
a: no special abilities


You were in the Dungeon.
You were not hungry.

You visited 1 branch

Inventory:

Armour
 a - a +0 robe (worn)
 b - a +0 hat (worn)
Scrolls
 j - a scroll of blinking
Potions
 e - a potion of curing
 f - a potion of heal wounds
 g - a potion of haste
 h - 2 potions of magic
Comestibles
 c - 2 chunks of flesh
 d - a ration


   Skills:
 + Level 3.3 Dodging
 + Level 4.6 Stealth
 + Level 0.4 Unarmed Combat
 + Level 8.0 Spellcasting
 + Level 1.2 Conjurations
 + Level 1.1 Summonings
 + Level 1.1 Translocations


You had 5 spell levels left.
You knew the following spells:

 Your Spells              Type           Power        Failure   Level  Hunger
a - Magic Dart            Conj           ##..         4%          1    None
b - Blink                 Tloc           N/A          7%          2    None
c - Call Imp              Summ           ##......     7%          2    None
d - Slow                  Hex            #.......     11%         2    None
e - Conjure Flame         Conj/Fire      ##......     16%         3    None
f - Mephitic Cloud        Conj/Pois/Air  ##......     19%         3    None

Your spell library contained the following spells:

 Spells                   Type           Power        Failure   Level  Hunger


Dungeon Overview and Level Annotations

Branches:
Dungeon (1/1)

Altars:

Annotations:
D Crazy Yiuf


Message History

The ball explodes into a vile cloud!
The stinking cloud engulfs Crazy Yiuf but does no damage.
Crazy Yiuf is lightly wounded.
Crazy Yiuf is engulfed in noxious fumes.
Crazy Yiuf appears confused.
Crazy Yiuf is engulfed in blazing flames.
Crazy Yiuf hits you with a +4 quarterstaff of chaos!
Ouch! That really hurt!
* * * LOW HITPOINT WARNING * * *
You are lethally poisoned!
Unknown command.
* * * LOW HITPOINT WARNING * * *
You feel sick.
Crazy Yiuf is engulfed in blazing flames.
There is an open door here.
Unknown command.
Casting: Mephitic Cloud (safe; 19% risk of failure)
Confirm with . or Enter, or press ? or * to list all spells.
You blink.
You die...

▓▓▓▓ ▓<.# ▓..#
#.....
▓#'####....♣♣♣
▓.....#....≈.♣
▓.....#.g.≈≈♣♣.
▓.)..(#..≈≈≈≈..
▓####'#..≈≈≈≈≈≈
▓@....#.≈≈≈≈≈≈.
▓.....#.≈≈≈≈≈..
▓.....#.≈≈≈....
▓§#####........
▓.g☼☼..........
▓▓▓▓▓▓▓▓▓▓▓▓▓▓▓


You could see Crazy Yiuf (confused).

Vanquished Creatures
  Jessica (D)
  2 oozes (D)
  A rat (D)
4 creatures vanquished.

Vanquished Creatures (others)
  2 draconian scorchers (D)
  A yaktaur (D)
  4 hellions (D)
7 creatures vanquished.

Grand Total: 11 creatures vanquished

Notes
Turn   | Place    | Note
-------+----------+-------------------------------------------
     0 | D        | doot the Deep Elf Wizard began the quest for the Orb.
     0 | D        | Reached XP level 1. HP: 10/10 MP: 7/7
     8 | D        | Reached skill level 5 in Spellcasting
    11 | D        | Reached skill level 6 in Spellcasting
    11 | D        | Reached XP level 2. HP: 15/15 MP: 6/11
    53 | D        | Killed a yaktaur
    54 | D        | Noticed Jessica
    63 | D        | Killed Jessica
    63 | D        | Reached skill level 8 in Spellcasting
    63 | D        | Reached XP level 3. HP: 5/19 MP: 6/14
    68 | D        | Killed a hellion
   117 | D        | Learned a level 2 spell: Blink
   120 | D        | Learned a level 2 spell: Call Imp
   123 | D        | Learned a level 2 spell: Slow
   127 | D        | Learned a level 3 spell: Conjure Flame
   131 | D        | Learned a level 3 spell: Mephitic Cloud
   142 | D        | Killed a hellion
   144 | D        | Killed a hellion
   145 | D        | Killed a hellion
   202 | D        | Killed a white draconian scorcher
   229 | D        | Killed a white draconian scorcher
   249 | D        | Noticed Crazy Yiuf
   263 | D        | Succumbed to Crazy Yiuf's poison

Skill      XL: |  1  2 |
---------------+-------+-----
Stealth        | 4 |  4.6
Spellcasting   | 6 8 |  8.0
Dodging        | 3 |  3.3
Unarmed Combat | |  0.4
Conjurations   | |  1.2
Summonings     | |  1.1
Translocations | |  1.1

Action                   || total
-------------------------++-------
Melee: Unarmed           ||     5
 Cast: Magic Dart        ||     9
       Conjure Flame     ||     1
       Mephitic Cloud    ||     1
       Blink             ||     1
  Use: Potion            ||     1
Armor: Robe              ||     2
Dodge: Dodged            ||     2
